 Dungeon Crawl Stone Soup version 0.22-a0-181-gb22368a056 (webtiles) character file.

253188 RedPan the Spry (level 18, -3/92 HPs)
             Began as a Spriggan Enchanter on Feb 14, 2018.
             Was the Champion of Sif Muna.
             Slain by a vault warden
             ... wielding a +0 halberd
              (38 damage)
             ... on level 2 of the Vaults.
             The game lasted 03:47:13 (48458 turns).

RedPan the Spry (Spriggan Enchanter)               Turns: 48458, Time: 03:47:13

Health: -3/92      AC:  9    Str:  4    XL:     18   Next: 99%
Magic:  28/40      EV: 36    Int: 31    God:    Sif Muna [******]
Gold:   2814       SH: 11    Dex: 22    Spells: 19/51 levels left

rFire    + + +     SeeInvis +   I - +5 rapier "Ygul" {freeze, rF+ Int+2}
rCold    + . .     Gourm    .   b - +3 buckler {AC+3}
rNeg     + . .     Faith    .   t - +2 robe {rF+}
rPois    +         Spirit   .   (helmet restricted)
rElec    +         Reflect  .   w - +1 cloak of Xemmec {rC+ rN+}
rCorr    .         Harm     .   (gloves unavailable)
MR       +++..                  (boots unavailable)
Stlth    +++++++...             Q - amulet "Apumonn" {+Rage rElec}
HPRegen  0.25/turn              K - ring "Esump" {rF+ Int+4 Dex+3 Stlth+}
MPRegen  0.27/turn              Y - ring of Wuklosy {+Fly rPois Int+3}

@: divine energy, deflect missiles, very quick
A: very small, unfitting armour, see invisible, herbivore, speed 3, slow
metabolism 2
}: 2/15 runes: decaying, serpentine
a: Stop Divine Energy, Channel Magic, Forget Spell, Renounce Religion, Evoke
Berserk Rage, Evoke Flight


You were on level 2 of the Vaults.
You worshipped Sif Muna.
Sif Muna was exalted by your worship.
You were not hungry.

You visited 7 branches of the dungeon, and saw 34 of its levels.
You also visited: Trove.

You collected 3759 gold pieces.
You spent 945 gold pieces at shops.

Inventory:

Hand Weapons
 I - the +5 rapier "Ygul" (weapon) {freeze, rF+ Int+2}
   (You found it on level 10 of the Dungeon)

   It has been specially enchanted to freeze those struck by it, causing extra
   injury to most foes and up to half again as much damage against particularly
   susceptible opponents.
   It can also slow down cold-blooded creatures.
   It affects your intelligence (+2).
   It protects you from fire.
Armour
 b - a +3 buckler of protection (worn)
 c - a +2 robe of magic resistance
 e - the +1 robe of Follow the Leader {rN+ rCorr Stlth+, unknown}
   (You found it on level 1 of the Vaults)

   It protects you from negative energy.
   It protects you from acid and corrosion.
   It makes you more stealthy.
 t - a +2 robe of fire resistance (worn)
 w - the +1 cloak of Xemmec (worn) {rC+ rN+}
   (You found it on level 10 of the Dungeon)

   It protects you from cold.
   It protects you from negative energy.
Jewellery
 a - an uncursed ring of resist corrosion
 K - the ring "Esump" (left hand) {rF+ Int+4 Dex+3 Stlth+}
   (You found it in a treasure trove)

   [ring of protection from fire]

   It affects your intelligence (+4).
   It affects your dexterity (+3).
   It protects you from fire.
   It makes you more stealthy.
 O - an uncursed ring of protection from fire
 Q - the amulet "Apumonn" (around neck) {+Rage rElec}
   (You found it in a treasure trove)

   [amulet of rage]

   It insulates you from electricity.
   It lets you go berserk.
 Y - the ring of Wuklosy (right hand) {+Fly rPois Int+3}
   (You found it in a treasure trove)

   [ring of flight]

   It affects your intelligence (+3).
   It protects you from poison.
   It lets you fly.
Wands
 y - a wand of disintegration (24)
 D - a wand of acid (47)
 H - a wand of polymorph (24)
Scrolls
 f - a scroll of summoning {unknown}
 g - 5 scrolls of amnesia
 i - 6 scrolls of fog
 k - 12 scrolls of identify
 m - a scroll of teleportation
 p - 14 scrolls of remove curse
 q - 3 scrolls of enchant weapon
 r - a scroll of silence
 A - 6 scrolls of magic mapping
 L - a scroll of blinking
Potions
 h - 2 potions of heal wounds
 j - 2 potions of cancellation
 o - 7 potions of curing
 s - 9 potions of agility
 v - 4 potions of flight
 x - 8 potions of resistance
 z - 5 potions of haste
 B - 3 potions of brilliance
 M - 3 potions of might
Books
 l - a book of Ice

   Spells                             Type                      Level
   a - Ice Form                       Ice/Transmutation            4
   b - Metabolic Englaciation         Hexes/Ice                    5
   c - Ozocubu's Refrigeration        Ice                          6
   d - Bolt of Cold                   Conjuration/Ice              6
   e - Freezing Cloud                 Conjuration/Ice/Air          6
   f - Simulacrum                     Ice/Necromancy               6
Miscellaneous
 F - a phantom mirror
 R - a fan of gales
Comestibles
 d - 44 rations


   Skills:
 - Level 9.0 Fighting
 - Level 12.0 Short Blades
 - Level 18.0 Dodging
 - Level 15.2 Stealth
 - Level 5.4 Shields
 - Level 17.0 Spellcasting
 - Level 8.2 Conjurations
 - Level 9.0 Hexes
 - Level 6.0 Charms
 - Level 9.0 Ice Magic
 * Level 13.0 Air Magic
 - Level 5.0 Invocations


You had 19 spell levels left.
You knew the following spells:

 Your Spells              Type           Power        Failure   Level  Hunger
a - Corona                Hex            ######.      1%          1    None
b - Ensorcelled Hibernat  Hex/Ice        ######       1%          2    None
c - Confuse               Hex            ######..     1%          3    None
d - Airstrike             Air            #######...   1%          4    None
e - Swiftness             Chrm/Air       ######..     1%          2    None
f - Lightning Bolt        Conj/Air       #######...   1%          5    None
g - Deflect Missiles      Chrm/Air       ######....   5%          6    ##.....
h - Regeneration          Chrm/Necr      #####.....   1%          3    None
i - Freezing Cloud        Conj/Ice/Air   ######....   4%          6    ##.....


Dungeon Overview and Level Annotations

Branches:
Dungeon (15/15)            Temple (1/1) D:7            Lair (6/6) D:10
  Swamp (4/4) Lair:4        Snake (4/4) Lair:2        Slime (0/5) Lair:5
    Orc (2/2) D:12            Elf (0/3) Orc:2        Vaults (2/5) D:14
 Depths (0/5) D:15
  Crypt: Vaults:2-3

Altars:
Ashenzari
Cheibriados
Dithmenos
Elyvilon
Fedhas
Gozag
Hepliaklqana
Kikubaaqudgha
Makhleb
Nemelex Xobeh
Okawaru
Qazlal
Ru
Sif Muna
Trog
Uskayaw
Vehumet
Wu Jian
Xom
Yredelemnul
Zin
The Shining One
Jiyva

Shops:
D:4 :   D:5 (   D:10 [   Orc:2 [*[=   Snake:3 !

Annotations:
D:13 exclusion: 2 tormentors


Innate Abilities, Weirdness & Mutations

You are very small and have problems with some larger weapons.
You are too small for most types of armour.
You have supernaturally acute eyesight. (SInv)
You are a herbivore.
You cover ground extremely quickly.
You need consume almost no food.


Message History

Aim: a stone giant (chance to defeat MR: 22%)
The stone giant resists with almost no effort.
The vault warden activates a sealing rune.
A door slams shut!
The stone giant misses you.
Casting: Ensorcelled Hibernation (safe; 1% risk of failure)
Confirm with . or Enter, or press ? or * to list all spells.
Aiming: Ensorcelled Hibernation (safe; 1% risk of failure)
Press: ? - help, Shift-Dir - straight line, f/p - stone giant
Aim: a stone giant (chance to defeat MR: 22%)
The stone giant resists with almost no effort.
The vault warden completely misses you. The stone giant hits you!!!
Casting: Ensorcelled Hibernation (safe; 1% risk of failure)
Confirm with . or Enter, or press ? or * to list all spells.
Aiming: Ensorcelled Hibernation (safe; 1% risk of failure)
Press: ? - help, Shift-Dir - straight line, f/p - stone giant
Aim: a stone giant (chance to defeat MR: 22%)
The stone giant resists with almost no effort.
The stone giant closely misses you.
The vault warden hits you from afar with a halberd!!!
You die...

#.#/#C #.....#(.# #C#(#
#.....#.(# #C#.#
#####)##)### #.#p#
#...)))))).# #(#.#
#.....>....#
####+#+#########..........#
...o............+..........#
...........Co...#..........#
...........pC@..#..........#
............o.).#..........#
................#..........#
###########.....###########
#.....##############
#.....#.............
#.....+.............
#########.....#..####.####
.+.......+.....#..#.......#
.


You could see a stone giant, a vault warden, a cyclops and 2 orcs.

Vanquished Creatures
  2 thorn hunters (Swamp:1)
  Kirke (Snake:1)
  A tengu reaver (D:14)
  13 nagarajas
  A frost giant (Vaults:2)
  Louise (D:15)
  Aizul (Snake:1)
  3 vault wardens
  2 very ugly things
  4 ironheart preservers
  An entropy weaver (Vaults:1)
  A fire dragon (Lair:6)
  A great orb of eyes (Vaults:1)
  2 yaktaur captains (Vaults:1)
  Harold (Lair:2)
  12 naga warriors
  2 rakshasas (Vaults:1)
  5 vault guards
  18 hydras
  2 ice dragons (Vaults:1)
  13 anacondas
  4 ogre magi
  9 centaur warriors
  9 two-headed ogres
  5 death knights (D:13)
  7 death yaks
  A deep troll shaman (Vaults:1)
  10 alligators
  A ghost crab (Swamp:2)
  A deep troll earth mage (Vaults:1)
  A titan zombie (D:15)
  A tengu warrior (D:13)
  A vampire mage (D:15)
  6 naga sharpshooters
  8 shock serpents
  3 orc high priests (Orc:2)
  4 deep elf knights
  A salamander mystic (Snake:2)
  Nergalle (Lair:6)
  2 spriggan druids (Swamp:4)
  A titan skeleton (D:15)
  2 skeletal warriors
  8 sea snakes (Snake:4)
  A shadow wraith (Vaults:1)
  6 unseen horrors
  13 swamp dragons
  A deep troll (Vaults:1)
  5 naga ritualists
  A shambling mangrove (Swamp:4)
  6 ironbrand convokers
  A lindwurm (shapeshifter) (Vaults:2)
  2 wizards
  2 deep elf archers (Vaults:1)
  4 lindwurms
  A necromancer (D:15)
  A wolf spider (Lair:6)
  3 orc sorcerers (Orc:2)
  8 orc knights
  5 deep elf magi
  5 mana vipers
  4 cyclopes
  25 ugly things
  A salamander (shapeshifter) (Vaults:2)
  3 manticores
  9 salamanders
  4 elephants (Lair:6)
  A frost giant skeleton (D:15)
  2 vault sentinels (Vaults:1)
  27 black mambas
  13 guardian serpents
  A spriggan zombie (D:15)
  11 naga magi
  2 centaur zombies
  19 spiny frogs
  A torpor snail (Lair:6)
  A kobold demonologist (Orc:1)
  A komodo dragon (shapeshifter) (Vaults:1)
  An efreet (D:13)
  A yaktaur (shapeshifter) (Vaults:2)
  A rime drake (shapeshifter) (Vaults:1)
  7 komodo dragons
  5 rime drakes
  6 yaktaurs
  3 freezing wraiths
  A guardian mummy (D:15)
  5 tyrant leeches
  2 tengu conjurers
  A merfolk (D:9)
  7 blink frogs
  Prince Ribbit (D:7)
  4 trolls
  9 hornets
  18 slime creatures
  A tyrant leech (shapeshifter) (D:14)
  A dream sheep (shapeshifter) (Vaults:1)
  7 dream sheep (Lair:3)
  11 bog bodies
  A meliai zombie (D:13)
  8 hippogriffs
  3 spriggans
  4 shadows
  A vampire (D:15)
  6 wraiths
  A redback (Lair:6)
  47 yaks
  2 hogs (Snake:1)
  A fire elemental (Lair:5)
  13 wyverns
  4 basilisks
  A hungry ghost (D:8)
  21 vampire mosquitoes
  2 wargs
  A soldier ant (shapeshifter) (Vaults:2)
  56 nagas
  7 insubstantial wisps
  22 water moccasins
  19 swamp worms
  3 acid dragons
  A soldier ant (D:13)
  16 swamp drakes
  6 porcupines
  16 orc warriors
  12 ice beasts
  A black bear (D:13)
  5 sky beasts
  3 eyes of draining
  2 necrophages
  4 phantoms
  An eye of draining (shapeshifter) (Vaults:1)
  10 centaurs
  13 ogres
  11 crocodiles
  Blork the orc (D:4)
  17 big kobolds
  18 bullfrogs
  A wyvern zombie (D:14)
  4 scorpions
  A human simulacrum (Vaults:1)
  9 wights
  9 killer bees
  A vampire bat (Lair:6)
  7 howler monkeys
  An electric eel (Lair:4)
  9 crimson imps
  A quasit (D:14)
  7 hounds
  2 bullfrog zombies
  5 centaur skeletons
  15 orc priests
  6 bullfrog skeletons
  A gnoll shaman (Orc:1)
  9 jellies
  12 orc wizards
  8 iguanas
  2 hell rats (Lair:5)
  20 worker ants
  A killer bee zombie (D:5)
  A hound skeleton (D:5)
  A worker ant zombie (D:9)
  Robin (D:4)
  10 adders
  7 gnolls
  10 river rats (Lair:5)
  6 shadow imps
  4 oozes
  3 adder skeletons
  3 worms
  3 dart slugs
  4 leopard geckos
  82 orcs
  3 ball pythons
  12 bats
  2 giant cockroaches
  6 hobgoblins
  3 jackals (D:9)
  2 quokkas
  5 frilled lizards
  17 goblins
  34 kobolds
  4 rats
  A butterfly (Lair:3)
1170 creatures vanquished.

Vanquished Creatures (others)
  2 hornets (Swamp:4)
  A basilisk (Lair:6)
  An insubstantial wisp (Swamp:2)
  An orc priest (Orc:2)
  An iguana (Lair:6)
  An orc (Orc:2)
  A briar patch (Swamp:2)
  30 fungi
  27 plants
  2 withered plants (D:15)
67 creatures vanquished.

Grand Total: 1237 creatures vanquished

Notes
Turn   | Place    | Note
-------+----------+-------------------------------------------
     0 | D:1      | RedPan the Spriggan Enchanter began the quest for the Orb.
     0 | D:1      | Reached XP level 1. HP: 9/9 MP: 5/5
   238 | D:1      | Reached skill level 5 in Stealth
   238 | D:1      | Reached XP level 2. HP: 13/13 MP: 6/6
   242 | D:1      | Learned a level 2 spell: Ensorcelled Hibernation
   830 | D:2      | Reached XP level 3. HP: 16/16 MP: 5/8
   926 | D:2      | Found a white marble altar of Elyvilon.
  1082 | D:2      | Noticed an ogre
  1089 | D:2      | Killed an ogre
  1089 | D:2      | Reached XP level 4. HP: 21/21 MP: 6/9
  1213 | D:2      | Reached skill level 4 in Dodging
  1220 | D:2      | Reached XP level 5. HP: 24/24 MP: 10/10
  1553 | D:2      | Learned a level 3 spell: Confuse
  1949 | D:3      | Found a shattered altar of Ashenzari.
  2520 | D:3      | Reached XP level 6. HP: 28/28 MP: 4/11
  2602 | D:3      | Found a hazy altar of Hepliaklqana.
  2609 | D:3      | Reached skill level 5 in Dodging
  3148 | D:4      | Noticed Blork the orc
  3155 | D:4      | Killed Blork the orc
  3233 | D:4      | Reached XP level 7. HP: 32/32 MP: 6/12
  3355 | D:4      | Reached skill level 6 in Dodging
  3358 | D:4      | Found Kafescho's Book Shop.
  3483 | D:4      | Noticed Robin
  3576 | D:4      | Killed Robin
  3655 | D:5      | Entered Level 5 of the Dungeon
  3661 | D:5      | Reached skill level 5 in Short Blades
  3661 | D:5      | Reached skill level 5 in Hexes
  4111 | D:5      | Reached skill level 7 in Dodging
  4147 | D:5      | Found Kahoa's Weapon Shoppe.
  4604 | D:5      | Reached XP level 8. HP: 23/36 MP: 13/15
  5030 | D:6      | Reached skill level 8 in Dodging
  5127 | D:6      | Reached skill level 5 in Spellcasting
  5438 | D:6      | Reached skill level 9 in Dodging
  5550 | D:6      | Found a deep blue altar of Sif Muna.
  5559 | D:6      | Became a worshipper of Sif Muna the Loreminder
  6127 | D:6      | Found a sparkling altar of Nemelex Xobeh.
  6251 | D:7      | Noticed a hippogriff
  6259 | D:7      | Killed a hippogriff
  6259 | D:7      | Reached skill level 10 in Stealth
  6259 | D:7      | Reached XP level 9. HP: 33/39 MP: 12/17
  6667 | D:7      | Found a staircase to the Ecumenical Temple.
  6687 | Temple   | Entered the Ecumenical Temple
  6887 | D:7      | Reached skill level 10 in Dodging
  7561 | D:4      | Bought a book of Air for 490 gold pieces
  7566 | D:4      | Learned a level 4 spell: Airstrike
  7569 | D:4      | Learned a level 2 spell: Swiftness
  7575 | D:4      | Learned a level 5 spell: Lightning Bolt
  7727 | D:7      | Noticed Prince Ribbit
  7729 | D:7      | Killed Prince Ribbit
  7729 | D:7      | Reached skill level 1 in Fighting
  7729 | D:7      | Reached skill level 1 in Air Magic
  8220 | D:8      | Reached skill level 11 in Dodging
  8459 | D:8      | Reached * piety under Sif Muna
  8980 | D:9      | Reached XP level 10. HP: 47/47 MP: 20/20
  9377 | D:9      | Noticed a two-headed ogre
  9382 | D:9      | Killed a two-headed ogre
  9629 | D:9      | Found a basalt altar of Yredelemnul.
  9755 | D:9      | Noticed a manticore
  9893 | D:9      | Found an ornate altar of the Wu Jian Council.
  9970 | D:9      | Killed a manticore
  9970 | D:9      | Reached skill level 12 in Dodging
 10211 | D:9      | Reached ** piety under Sif Muna
 10393 | D:10     | Entered Level 10 of the Dungeon
 10898 | D:10     | Got a fine cloak
 10904 | D:10     | Identified the +1 cloak of Xemmec {rC+ rN+} (You found it on level 10 of the Dungeon)
 10925 | D:10     | Found Cojais's Antique Armour Emporium.
 11109 | D:10     | Reached skill level 5 in Air Magic
 11118 | D:10     | Found a staircase to the Lair.
 11253 | D:10     | Got a bone rapier
 11254 | D:10     | Identified the +5 rapier "Ygul" {freeze, rF+ Int+2} (You found it on level 10 of the Dungeon)
 11564 | D:11     | Reached skill level 13 in Dodging
 11588 | D:11     | Reached skill level 1 in Conjurations
 12249 | D:11     | Reached XP level 11. HP: 38/52 MP: 22/22
 12277 | D:11     | Found a viscous altar of Jiyva.
 12446 | D:11     | Found a portal to a secret trove of treasure.
 12455 | Trove    | Entered a treasure trove
 12469 | Trove    | Got a steaming crystal amulet
 12470 | Trove    | Identified the amulet "Apumonn" {+Rage rElec} (You found it in a treasure trove)
 12488 | Trove    | Got a flickering brass ring
 12490 | Trove    | Identified the ring "Sogurr" {MR+ Int-3 Dex+4 SInv} (You found it in a treasure trove)
 12500 | Trove    | Got a fine brass ring
 12502 | Trove    | Identified the ring of Wuklosy {+Fly rPois Int+3} (You found it in a treasure trove)
 12514 | Trove    | Got a faintly glowing glass ring
 12516 | Trove    | Identified the ring "Esump" {rF+ Int+4 Dex+3 Stlth+} (You found it in a treasure trove)
 12762 | D:12     | Noticed a purple ugly thing
 12862 | D:12     | Noticed a cyan ugly thing
 12864 | D:12     | Noticed a green ugly thing
 12869 | D:12     | Killed a cyan ugly thing
 13180 | D:12     | Killed a cyan ugly thing
 13272 | D:12     | Killed a purple ugly thing
 13688 | D:12     | Noticed an eight-headed hydra
 13825 | D:12     | Killed an eight-headed hydra
 13835 | D:12     | Found a staircase to the Orcish Mines.
 13837 | D:12     | Noticed a two-headed ogre
 14105 | D:12     | Killed a two-headed ogre
 14408 | Lair:1   | Entered Level 1 of the Lair of Beasts
 14675 | Lair:1   | Reached skill level 10 in Short Blades
 14940 | Lair:1   | Noticed a five-headed hydra
 14950 | Lair:1   | Killed a five-headed hydra
 14955 | Lair:1   | Reached XP level 12. HP: 56/56 MP: 19/23
 15430 | Lair:2   | Found a staircase to the Snake Pit.
 15614 | Lair:2   | Noticed Harold
 15615 | Lair:2   | Killed Harold
 16098 | Lair:3   | Reached *** piety under Sif Muna
 16131 | Lair:3   | Found a white marble altar of Elyvilon.
 16300 | Lair:3   | Reached skill level 1 in Shields
 16493 | Lair:3   | Noticed a five-headed hydra
 16501 | Lair:3   | Killed a five-headed hydra
 16679 | Lair:3   | Noticed a four-headed hydra
 16686 | Lair:3   | Killed a four-headed hydra
 17100 | Lair:3   | Reached skill level 5 in Fighting
 17449 | Lair:4   | Noticed a death yak
 17452 | Lair:4   | Noticed a death yak
 17452 | Lair:4   | Noticed a death yak
 17453 | Lair:4   | Noticed a death yak
 17454 | Lair:4   | Noticed a death yak
 17455 | Lair:4   | Killed a death yak
 17475 | Lair:4   | Killed a death yak
 17850 | Lair:4   | Noticed Nergalle
 17974 | Lair:4   | Reached XP level 13. HP: 64/64 MP: 16/26
 18153 | Lair:4   | Found a staircase to the Swamp.
 18354 | Lair:4   | Reached **** piety under Sif Muna
 18643 | Lair:5   | Reached skill level 10 in Air Magic
 19045 | Lair:5   | Reached skill level 5 in Shields
 19347 | Lair:5   | Found a runed door.
 19350 | Lair:5   | Found a viscous altar of Jiyva.
 19350 | Lair:5   | Found a staircase to the Slime Pits.
 20320 | Lair:5   | Reached ***** piety under Sif Muna
 20504 | Lair:6   | Entered Level 6 of the Lair of Beasts
 20575 | Lair:6   | Received a gift from Sif Muna
 20584 | Lair:6   | Learned a level 6 spell: Deflect Missiles
 20608 | Lair:5   | Reached skill level 14 in Dodging
 20764 | Lair:6   | Reached skill level 1 in Charms
 20975 | Lair:6   | Noticed a fire dragon
 20998 | Lair:6   | Killed a fire dragon
 21340 | Lair:6   | Reached skill level 10 in Spellcasting
 21411 | Lair:6   | Reached XP level 14. HP: 70/70 MP: 15/29
 21529 | Lair:6   | Reached skill level 5 in Charms
 21631 | Lair:6   | Found the +10 large shield of Ignorance {rN+ Int-4}
 21912 | Lair:6   | Killed Nergalle
 22266 | Lair:6   | Reached skill level 15 in Dodging
 22553 | Lair:2   | Learned a level 3 spell: Regeneration
 22757 | Orc:1    | Entered Level 1 of the Orcish Mines
 22909 | Orc:1    | Identified Sif Muna's Almanac of Aid (Sif Muna gifted it to you on level 1 of the Orcish Mines)
 22909 | Orc:1    | Received a gift from Sif Muna
 23293 | Orc:2    | Entered Level 2 of the Orcish Mines
 23296 | Orc:2    | Found a staircase to the Elven Halls.
 25271 | Orc:2    | Found Vixas's Jewellery Emporium.
 25271 | Orc:2    | Found Doulal's Antique Armour Boutique.
 25273 | Orc:2    | Found Houcuafa's Antique Armour Emporium.
 25273 | Orc:2    | Found Figimaa's Assorted Antiques.
 25284 | Orc:2    | Bought an embroidered robe for 103 gold pieces
 25302 | Orc:2    | Bought a glowing buckler for 202 gold pieces
 26302 | D:13     | Reached skill level 16 in Dodging
 27280 | D:14     | Found a gate to the Vaults.
 27486 | D:14     | Noticed a tengu reaver
 27503 | D:14     | Killed a tengu reaver
 27503 | D:14     | Identified Sif Muna's Incunabulum of Evil Magic and Displacement (Sif Muna gifted it to you on level 14 of the Dungeon)
 27503 | D:14     | Received a gift from Sif Muna
 27503 | D:14     | Reached XP level 15. HP: 47/73 MP: 20/32
 27517 | D:14     | Reached skill level 5 in Conjurations
 28654 | D:15     | Entered Level 15 of the Dungeon
 28656 | D:15     | Noticed Louise
 28821 | D:15     | Found a shimmering altar of Xom.
 28834 | D:15     | Found a staircase to the Depths.
 29249 | D:15     | Killed Louise
 29870 | Snake:1  | Entered Level 1 of the Snake Pit
 30319 | Snake:1  | Reached skill level 1 in Ice Magic
 30382 | Snake:1  | Noticed Kirke
 30420 | Snake:1  | Killed Kirke
 30773 | Snake:1  | Identified Sif Muna's Handbook of Congealing Confrontation (Sif Muna gifted it to you on level 1 of the Snake Pit)
 30773 | Snake:1  | Received a gift from Sif Muna
 30782 | Snake:1  | Learned a level 6 spell: Freezing Cloud
 31230 | Snake:2  | Noticed Aizul
 31272 | Snake:2  | Noticed a nagaraja
 31406 | Snake:1  | Killed Aizul
 31406 | Snake:1  | Reached XP level 16. HP: 54/80 MP: 7/34
 33004 | Snake:2  | Reached skill level 15 in Stealth
 34270 | Snake:3  | Reached skill level 5 in Ice Magic
 34492 | Snake:3  | Found Essuos's Distillery.
 34789 | Snake:3  | Reached ****** piety under Sif Muna
 34982 | Snake:3  | Identified the Handbook of Dislocated Venom
 34994 | Snake:3  | Bought 2 potions of heal wounds for 150 gold pieces
 35140 | Snake:4  | Entered Level 4 of the Snake Pit
 35168 | Snake:4  | Identified Postreha's Incunabulum of Congealing Stones (Sif Muna gifted it to you on level 4 of the Snake Pit)
 35168 | Snake:4  | Received a gift from Sif Muna
 36265 | Snake:4  | Reached skill level 15 in Spellcasting
 37337 | Snake:4  | Reached XP level 17. HP: 66/84 MP: 20/37
 38107 | Snake:4  | Reached skill level 1 in Invocations
 38715 | Snake:4  | HP: 3/84 [nagaraja/whip (3)]
 38724 | Snake:4  | Identified Sif Muna's Papyrus of Excruciating Venom (Sif Muna gifted it to you on level 4 of the Snake Pit)
 38724 | Snake:4  | Received a gift from Sif Muna
 39358 | Snake:4  | Got a serpentine rune of Zot
 39591 | Swamp:1  | Entered Level 1 of the Swamp
 40029 | Swamp:1  | Got an ancient dagger
 40030 | Swamp:1  | Identified the +2 dagger of Sunlight {pierce, rElec} (You found it on level 1 of the Swamp)
 40231 | Swamp:1  | Reached skill level 5 in Invocations
 42574 | Swamp:3  | Found a glowing golden altar of the Shining One.
 42977 | Swamp:4  | Entered Level 4 of the Swamp
 43532 | Swamp:4  | Identified Sif Muna's Almanac of Destructive Unholy Rites (Sif Muna gifted it to you on level 4 of the Swamp)
 43532 | Swamp:4  | Received a gift from Sif Muna
 43995 | Swamp:4  | Reached XP level 18. HP: 79/88 MP: 37/40
 44310 | Swamp:4  | Got a decaying rune of Zot
 45017 | Vaults:1 | Entered Level 1 of the Vaults
 45599 | Vaults:1 | Got a fabulously ornate robe
 45899 | Vaults:1 | Reached skill level 17 in Dodging
 47865 | Vaults:2 | Reached skill level 18 in Dodging
 48197 | Vaults:2 | Received a gift from Sif Muna
 48458 | Vaults:2 | Slain by a vault warden

Vault maps used:
D:1:      minmay_arrival_radiant_lines
D:2:      elyvilon_altar_4
D:3:      lemuel_round_altar, first_ration, nicolae_ashenzari_panopticon
D:4:      serial_shops, kennysheep_mini_moat, uniq_blork_the_orc, uniq_robin
D:5:      serial_shops, kennysheep_little_box
D:6:      lemuel_coloured_pillars_altar, corexii_hall_statues_i, led_sif_book
D:7:      minmay_temple_entry_enclosed_plants, uniq_prince_ribbit1
D:9:      kennysheep_mini, lemuel_round_altar, hangedman_fish_farm
D:10:     lair_entry_dummy, serial_shops, shop_statue
D:11:     nicolae_trove_entry_columns, jiyva_altar_1
D:12:     erik_orc_1
D:13:     cheibrodos_tormentor_scu
D:14:     minmay_the_grid_3x3, infiniplex_staircase_split_hallway
D:15:     gammafunk_depths_entry_grave, lemuel_round_altar, uniq_louise
Temple:   eino_temple_scatter_basement
Lair:2:   guppyfry_snake_entry_garden, grunt_megastairs_1, uniq_harold
Lair:3:   basic_altar, lemuel_fruit_fields, serial_bayou_shore_b
Lair:4:   nicolae_swamp_entry_splash_gauntlet, uniq_nergalle
Lair:5:   slime_altar_2, portal_ice_cave_entry_ice_beasts, st_stairs_11,
          kennysheep_rathole
Lair:6:   hangedman_lair_tendril_chambers, guppyfry_lair_end_dragon,
          roderic_batcave
Swamp:1:  evilmike_swamp_ruin_house_3, infiniplex_staircase_pool
Swamp:2:  evilmike_swamp_ruin_house_4, swamp_pool1, ldierk_geyser
Swamp:3:  basic_altar, nicolae_swamp_triple_paths, swamp_pool4,
          nicolae_swamp_fairy_circle
Swamp:4:  swamp_alternative
Snake:1:  uniq_kirke
Snake:2:  nicolae_aizul_guard
Snake:3:  serial_shops, nicolae_shop_window_shopping
Snake:4:  grunt_snake_rune_pools, uniq_aizul
Orc:1:    special_room
Orc:2:    grunt_orc_tribal_feast
Vaults:1: nicolae_vaults_little_squares_1, vaults_room_grunt_arrival_checkpoint,
          vaults_room_boxed, hangedman_vaults_variations,
          nicolae_vaults_circle_grid_a, vaults_room_grunt_arrival_ludios,
          v_rooms_4, nicolae_vaults_hallways_thing,
          nicolae_vaults_specimen_jars, dpeg_vaults_monster_box,
          ontoclasm_vaults_idyll, ontoclasm_vaults_decontamination
Vaults:2: minmay_crypt_entry_necro_gods, st_lattice,
          nicolae_vaults_little_squares_5, v_misc_8, v_alt_pattern_4, v_misc_19,
          v_misc_9, nicolae_vaults_little_ls, ontoclasm_vaults_ligature,
          vaults_room_fours, vaults_mumra_minichess_inversion, v_misc_18,
          nicolae_vaults_ring_of_whatevers, vaults_room_corners,
          ontoclasm_vaults_twist, vaults_mumra_minichess, uniq_xtahua
Trove:    trove_jewel_1

Skill      XL: |  1  2  3  4  5  6  7  8  9 10 11 12 13 14 15 16 17 18 |
---------------+-------------------------------------------------------+-----
Stealth        | 5 6 7 8 10 11 12 13 14 15 | 15.2
Short Blades   | 2 3 4 5 7 8 10 11 12 | 12.0
Dodging        | 4 5 7 9 11 13 14 16 18 | 18.0
Hexes          | 4 5 8 9 |  9.0
Spellcasting   | 4 5 6 7 8 10 12 13 15 17 | 17.0
Fighting       | 2 3 5 6 7 9 |  9.0
Air Magic      | 2 5 7 9 10 11 13 | 13.0
Conjurations   | 1 3 4 6 8 |  8.2
Shields        | 3 5 |  5.4
Charms         | 4 6 |  6.0
Ice Magic      | 3 8 9 |  9.0
Invocations    | 5 |  5.0

Action                   |  1- 3 |  4- 6 |  7- 9 | 10-12 | 13-15 | 16-18 || total
-------------------------+-------+-------+-------+-------+-------+-------++-------
Melee: Dagger            |    33 |   111 |   435 |   172 |       |       ||   751
       Rapier            |       |       |       |   341 |  1068 |  1205 ||  2614
 Cast: Ensorcelled Hiber |    10 |    23 |    58 |   177 |   357 |   402 ||  1027
       Confuse           |       |       |    27 |    17 |    62 |    63 ||   169
       Lightning Bolt    |       |       |       |       |    23 |    79 ||   102
       Regeneration      |       |       |       |       |     7 |    15 ||    22
       Deflect Missiles  |       |       |       |       |     3 |     2 ||     5
       Freezing Cloud    |       |       |       |       |       |    52 ||    52
Invok: Divine Energy     |       |       |       |       |       |     1 ||     1
Evoke: Wand              |       |       |       |     1 |    12 |       ||    13
  Use: Scroll            |       |     6 |     6 |    13 |    10 |     7 ||    42
       Potion            |       |       |       |       |     7 |     5 ||    12
 Stab: Sleeping          |    10 |    32 |    46 |   132 |   244 |   203 ||   667
       Confused          |       |       |    15 |     7 |    45 |    38 ||   105
       Distracted        |       |       |       |     3 |     6 |     7 ||    16
  Eat: Ration            |       |     1 |     4 |     4 |    10 |    14 ||    33
Armor: Robe              |     3 |     2 |    10 |    12 |    43 |    57 ||   127
Dodge: Dodged            |    22 |    59 |   298 |   388 |   772 |  1094 ||  2633
       Deflected         |       |       |       |       |    15 |    28 ||    43
Block: Buckler           |       |       |       |     2 |   386 |   579 ||   967

Table legend:
 A = Spawn XP
 B = Non-spawn XP
 C = Spawn XP percentage of total XP
 D = Spawn monster count
 E = Non-spawn monster count
 F = Spawn count percentage of total count
 G = Total turns spent on level
                    A         B        C        D         E        F      G
               +---------+---------+-------+---------+---------+-------+---------
         Total |       0 |  375470 |   0.0 |       0 |    1169 |   0.0 | 48458
               +---------+---------+-------+---------+---------+-------+---------
           D:1 |       0 |      36 |   0.0 |       0 |      16 |   0.0 |   822
           D:2 |       0 |     167 |   0.0 |       0 |      11 |   0.0 |   764
           D:3 |       0 |     205 |   0.0 |       0 |      35 |   0.0 |  1352
           D:4 |       0 |     458 |   0.0 |       0 |      26 |   0.0 |   845
           D:5 |       0 |     741 |   0.0 |       0 |      19 |   0.0 |  1276
           D:6 |       0 |    1120 |   0.0 |       0 |      24 |   0.0 |  1517
           D:7 |       0 |    1832 |   0.0 |       0 |      29 |   0.0 |  1382
           D:8 |       0 |     964 |   0.0 |       0 |      26 |   0.0 |   841
           D:9 |       0 |    3075 |   0.0 |       0 |      32 |   0.0 |  1514
          D:10 |       0 |    1039 |   0.0 |       0 |      21 |   0.0 |  1386
          D:11 |       0 |    2149 |   0.0 |       0 |      42 |   0.0 |  1673
          D:12 |       0 |    5643 |   0.0 |       0 |      42 |   0.0 |  1409
          D:13 |       0 |   13874 |   0.0 |       0 |      40 |   0.0 |  1579
          D:14 |       0 |   15356 |   0.0 |       0 |      47 |   0.0 |  1669
          D:15 |       0 |   16213 |   0.0 |       0 |      35 |   0.0 |   866
        Lair:1 |       0 |    5113 |   0.0 |       0 |      21 |   0.0 |   922
        Lair:2 |       0 |    3732 |   0.0 |       0 |      13 |   0.0 |   967
        Lair:3 |       0 |    7336 |   0.0 |       0 |      26 |   0.0 |  1334
        Lair:4 |       0 |    5557 |   0.0 |       0 |      22 |   0.0 |  1381
        Lair:5 |       0 |   12377 |   0.0 |       0 |      52 |   0.0 |  2050
        Lair:6 |       0 |   22149 |   0.0 |       0 |      82 |   0.0 |  1852
       Swamp:1 |       0 |   18731 |   0.0 |       0 |      42 |   0.0 |  2042
       Swamp:2 |       0 |    8453 |   0.0 |       0 |      24 |   0.0 |   920
       Swamp:3 |       0 |    4807 |   0.0 |       0 |      14 |   0.0 |   610
       Swamp:4 |       0 |   26803 |   0.0 |       0 |      54 |   0.0 |  1577
       Snake:1 |       0 |   25321 |   0.0 |       0 |      46 |   0.0 |  1894
       Snake:2 |       0 |   20713 |   0.0 |       0 |      33 |   0.0 |  2292
       Snake:3 |       0 |   15156 |   0.0 |       0 |      30 |   0.0 |  2906
       Snake:4 |       0 |   48495 |   0.0 |       0 |      73 |   0.0 |  2520
         Orc:1 |       0 |    1946 |   0.0 |       0 |      25 |   0.0 |   539
         Orc:2 |       0 |    8738 |   0.0 |       0 |      50 |   0.0 |  2060
      Vaults:1 |       0 |   54557 |   0.0 |       0 |      80 |   0.0 |  2700
      Vaults:2 |       0 |   22614 |   0.0 |       0 |      37 |   0.0 |   741
               +---------+---------+-------+---------+---------+-------+---------
